Map: Orbital Shipyard

Players

Arttuyo - Winner!

  • Race: Terran Terran
  • League: Diamond

ZippeH

  • Race: Terran Terran
  • League: Platinum

VOD

Have the link to the VOD?

Description

Time

  • Played on: Nov. 16, 2015, 11:14 a.m.
  • Length: 7:20
Show
View Real Time Build Order
Export as new Build Order

Arttuyo Terran - Winner!

Build Orders: Reaper Expand 

Get SALT Encoding   

  12  0:01  SCV  
  13  0:13  SCV  
  14  0:18  Supply Depot  
  14  0:25  SCV  
  15  0:39  SCV  
  15  0:40  Barracks  
  16  0:45  Refinery  
  16  0:51  SCV  
  17  1:04  SCV  
  18  1:16  SCV  
  19  1:28  Orbital Command  
  19  1:29  Reaper  
  20  1:43  Command Center  
  20  1:53  SCV  
  21  1:54  Supply Depot  
  21  2:07  Factory  
  21  2:09  Marine  
  21  2:10  SCV  
  23  2:18  Refinery  
  23  2:23  SCV  
  23  2:27  Marine  
  25  2:32  Bunker  
  25  2:35  SCV  
  26  2:45  Marine  
  26  2:47  SCV  
  26  2:49  Widow Mine  
  30  2:53  Starport  
  30  2:58  Orbital Command  
  30  3:01  SCV  
  30  3:04  Barracks Reactor  
  31  3:14  SCV  
  31  3:20  Factory Tech Lab  
  31  3:24  SCV  
  31  3:26  SCV  
  33  3:29  Engineering Bay  
  33  3:31  Viking  
  35  3:36  SCV  
  35  3:38  Refinery  
  36  3:41  Marine  
  36  3:42  Marine  
  36  3:44  SCV  
  39  3:48  SCV, Factory Tech Lab  
  39  3:50  Supply Depot  
  40  3:56  SCV  
  40  3:59  Missile Turret  
  40  4:01  Marine x2  
  40  4:02  SCV  
  44  4:08  SCV  
  45  4:11  Raven  
  45  4:15  SCV, Supply Depot  
  48  4:19  Marine  
  48  4:20  SCV  
  50  4:24  Siege Tank  
  50  4:27  SCV  
  54  4:36  SCV, Marine  
  54  4:37  Supply Depot, Marine  
  54  4:38  Terran Infantry Weapons Level 1  
  57  4:42  SCV  
  58  4:50  SCV  
  58  4:51  Supply Depot  
  59  4:54  SCV  
  59  4:59  Siege Tank  
  63  5:01  Marine  
  63  5:03  Stimpack  
  65  5:07  SCV, Barracks  
  65  5:08  SCV  
  65  5:09  Barracks  
  66  5:19  SCV  
  66  5:20  Supply Depot, SCV  
  68  5:23  Viking x2  
  68  5:26  Marine  
  73  5:31  SCV  
  73  5:34  Siege Tank, Barracks  
  77  5:36  Barracks  
  77  5:39  SCV  
  77  5:40  Refinery  
  78  5:44  Supply Depot, Marine  
  79  5:54  SCV x2  
  79  5:56  Medivac x2  
  85  6:01  Marine  
  86  6:05  Barracks Reactor  
  86  6:07  Barracks Reactor, Supply Depot  
  86  6:21  Command Center  
  86  6:23  Siege Tank  
  89  6:30  Medivac  
  91  6:35  Supply Depot, Barracks Reactor  
  91  6:37  SCV x2  
  93  6:41  Barracks Reactor  
  93  6:42  Marine x2  
  95  6:47  Marine x2  
  95  6:48  Marine  
  98  6:56  SCV x2  
  98  7:00  Marine x2  
  102  7:01  Supply Depot  
Show
View Real Time Build Order
Export as new Build Order

ZippeH Terran 

Build Orders: Banshee Rush 

Get SALT Encoding   

  12  0:00  SCV  
  13  0:12  SCV  
  14  0:17  Supply Depot  
  14  0:24  SCV  
  15  0:39  SCV  
  15  0:42  Barracks  
  16  0:46  Refinery  
  16  0:51  SCV  
  17  1:03  SCV  
  19  1:29  Orbital Command  
  19  1:30  Supply Depot, Marine  
  19  1:48  Marine  
  20  1:56  SCV  
  20  1:57  Factory  
  21  2:05  Marine  
  22  2:08  SCV  
  23  2:20  SCV  
  23  2:23  Marine  
  24  2:31  Command Center  
  24  2:33  SCV  
  25  2:41  Marine  
  26  2:45  SCV  
  26  2:49  Factory Tech Lab  
  26  2:50  Starport  
  27  2:58  SCV  
  28  2:59  Marine  
  28  3:02  Supply Depot, Refinery  
  29  3:10  SCV, Supply Depot  
  30  3:17  Marine  
  31  3:24  SCV  
  32  3:34  Marine  
  32  3:37  SCV, Barracks  
  32  3:39  Barracks  
  34  3:42  Banshee  
  34  3:43  Cloaking Field  
  37  3:57  Barracks Reactor  
  37  3:59  Factory Tech Lab  
  37  4:02  SCV  
  38  4:07  Orbital Command  
  38  4:14  SCV  
  39  4:25  Banshee, Barracks Tech Lab  
  39  4:27  Barracks Reactor  
  39  4:29  SCV  
  43  4:35  Refinery  
  43  4:37  Refinery, Engineering Bay  
  43  4:38  SCV  
  44  4:39  Marine  
  44  4:41  SCV  
  46  4:52  Marine x2  
  48  4:53  Stimpack  
  48  4:56  SCV  
  49  5:01  SCV  
  49  5:04  Supply Depot  
  49  5:05  Missile Turret  
  50  5:08  SCV, Medivac  
  50  5:13  SCV  
  54  5:19  Siege Tank  
  54  5:21  SCV, Marine x2  
  55  5:25  SCV  
  58  5:38  SCV  
  58  5:39  SCV  
  60  5:42  Marine  
  60  5:43  Marine  
  62  5:50  SCV  
  62  5:51  Siege Tank  
  62  5:55  Medivac  
  62  5:56  Marine  
  69  5:57  Command Center  
  69  6:05  SCV  
  70  6:17  SCV  
  68  6:20  Marine x2  
  70  6:36  Barracks  
  70  6:38  Missile Turret  
  70  6:39  Barracks, Starport Reactor  
  70  6:41  Supply Depot  
  70  6:44  SCV x2, Marine x2  
  74  6:47  Engineering Bay  
  74  6:48  Missile Turret  
  74  6:50  Armory  
  74  6:54  Marine  
  74  6:56  SCV x2  
  74  6:59  Marine  
  77  7:08  SCV x2  
  77  7:13  Supply Depot  
Tags
 
Add a new tag
Caveats
  • Supply blocks, unpowered buildings, or Contaminate may cause inaccurate times.
  • Supply counts are checked every 10 seconds.